 Dungeon Crawl Stone Soup version 0.21-a0-133-gf55ed5b (webtiles) character file.

49799 Celandrion the Fighter (level 14, -5/126 HPs)
             Began as a Yellow Draconian Transmuter on July 17, 2017.
             Was an Elder of Qazlal.
             Slain by a bullfrog (8 damage)
             ... on level 10 of the Dungeon.
             The game lasted 01:06:28 (24652 turns).

Celandrion the Fighter (DrTm)                      Turns: 24652, Time: 01:06:29

Health: -5/126     AC:  2    Str: 12    XL:     14   Next: 17%
Magic:  28/28      EV: 30    Int: 19    God:    Qazlal [****..]
Gold:   840        SH:  5    Dex: 17    Spells: 19/33 levels left

rFire    . . .     SeeInvis .     - Unarmed
rCold    . . .     Gourm    .   (shield currently unavailable)
rNeg     . . .     Faith    .   (armour unavailable)
rPois    .         Spirit   .   (helmet currently unavailable)
rElec    .         Reflect  .   (cloak currently unavailable)
rCorr    .         Harm     .   (gloves currently unavailable)
MR       ++...                  (boots currently unavailable)
Stlth    +.........             O - amulet of magic regeneration
HPRegen  0.31/turn              m - ring of protection from magic
MPRegen  0.46/turn              y - ring of poison resistance (curse)

@: spider-form, berserk cooldown, slowed, repel missiles, very slow
A: (spit acid), (acid resistance), unfitting armour, AC +8
a: End Transformation, Upheaval, Elemental Force, Renounce Religion


You were on level 10 of the Dungeon.
You worshipped Qazlal.
Qazlal was greatly pleased with you.
You were hungry.
You were a venomous arachnid creature.
You visited 2 branches of the dungeon, and saw 16 of its levels.

You collected 840 gold pieces.

Inventory:

Hand Weapons
 l - a +1 hunting sling
Missiles
 a - 398 arrows
 d - 186 sling bullets
 v - 8 tomahawks (quivered)
Armour
 n - a +0 pair of boots (melded)
 D - a +1 hat (melded)
 E - a +0 buckler
 J - a +0 cloak (melded)
 P - the +3 pair of gauntlets of War (melded) {Slay+5}
   (You found it on level 3 of the Lair of Beasts)

   It affects your accuracy and damage with ranged weapons and melee attacks
   (+5).
Jewellery
 m - a ring of protection from magic (left front leg)
 y - a cursed ring of poison resistance (right front leg)
 z - the ring "Faupp" {rPois rF+ MP+9 Str+8 Slay-4}
   (You found it on level 3 of the Lair of Beasts)

   [ring of magical power]

   It affects your strength (+8).
   It affects your accuracy and damage with ranged weapons and melee attacks
   (-4).
   It protects you from fire.
   It protects you from poison.
   It affects your magic capacity (+9).
 O - an amulet of magic regeneration (around neck)
Wands
 h - a wand of flame (6/48)
 p - a wand of paralysis (6/24)
 t - a wand of lightning (0/15)
 G - a wand of iceblast (0/15)
 I - a wand of polymorph (17/24)
 K - a wand of iceblast (4/15)
 N - a wand of digging (3/24)
Scrolls
 e - 2 scrolls of fear
 f - 5 scrolls of recharging
 j - 3 scrolls of noise
 w - a scroll of enchant armour
 A - a scroll of amnesia
 B - 6 scrolls of remove curse
 C - 6 scrolls of teleportation
 H - a scroll of blinking
 R - a scroll of holy word
Potions
 g - a potion of mutation
 i - 4 potions of haste
 o - a potion of invisibility
 q - 4 potions of brilliance
 r - a potion of flight
 s - 3 potions of curing
 L - a potion of cancellation
 Q - 2 potions of might
Books
 b - a book of Changes

   Spells                             Type                      Level
   a - Beastly Appendage              Transmutation                1
   b - Sticks to Snakes               Transmutation                2
   c - Spider Form                    Transmutation/Poison         3
   d - Ice Form                       Ice/Transmutation            4
   e - Blade Hands                    Transmutation                5
 S - a book of Maledictions

   Spells                             Type                      Level
   a - Corona                         Hexes                        1
   b - Ensorcelled Hibernation        Hexes/Ice                    2
   c - Confuse                        Hexes                        3
   d - Tukima's Dance                 Hexes                        3
   e - Dazzling Spray                 Conjuration/Hexes            3
Miscellaneous
 F - a lamp of fire
Comestibles
 c - a bread ration
 k - 9 meat rations
 M - a chunk of flesh


   Skills:
 + Level 12.1 Fighting
 + Level 10.4 Dodging
 + Level 11.8 Unarmed Combat
 + Level 10.4 Spellcasting
 - Level 3.3 Hexes
 - Level 9.0 Transmutations
 - Level 2.0 Poison Magic
 + Level 6.7 Invocations


You had 19 spell levels left.
You knew the following spells:

 Your Spells              Type           Power        Failure   Level  Hunger
a - Beastly Appendage     Tmut           #####.       2%          1    None
b - Sticks to Snakes      Tmut           #####...     2%          2    None
c - Spider Form           Tmut/Pois      ####......   9%          3    None
d - Blade Hands           Tmut           #####.....   14%         5    #####..
e - Confuse               Hex            ###.....     16%         3    None


Dungeon Overview and Level Annotations

Branches:
Dungeon (10/15)            Temple (0/1) D:4            Lair (6/6) D:8
 Shoals (0/4) Lair:4       Spider (0/4) Lair:4        Slime (0/5) Lair:6
    Orc: D:9-12

Altars:
Ashenzari
Fedhas
Kikubaaqudgha
Nemelex Xobeh
Okawaru
Qazlal
Ru
Vehumet
Wu Jian
Xom
Yredelemnul
Zin

Shops:
D:4 =

Annotations:
Lair:4 exclusion: 2 oklob plants


Innate Abilities, Weirdness & Mutations

((You can spit globs of acid.))
((You are resistant to acid.))
((Your golden yellow scales are hard. (AC +8)))
You cannot fit into any form of body armour.
((You have acidic saliva.))
((You are cold-blooded and may be slowed by cold attacks.))


Message History

You feel your anger subside.
a - 398 arrows (gained 24)
Items here: )) [ † a dagger; a scale mail; an uncursed shortbow; a centaur corpse You are no longer berserk.
You are exhausted.
You feel yourself slow down.
Items here: )) [ † a dagger x2; a ring mail; an orc corpse The bullfrog misses you.
The bullfrog hits you.
* * * LOW HITPOINT WARNING * * *
Unknown command.
You hit the bullfrog.
The bullfrog is lightly wounded.
The bullfrog barely misses you. The bullfrog completely misses you.
You bite the bullfrog!
The bullfrog is heavily wounded.
The bullfrog completely misses you. The bullfrog hits you!
You die...

###)## W##<....#
#.## #WW../.....
##.###h#.?......W#
#))#.######.#.W..
#)#)# #.#o...
#.#.# #.##.$@
#.#.# #####F#.#
#...s.#.#
#.#####.# #.# #.#
#.# #.# #.# .# #.#
###.###
#.##.......
#.#.....#
#.#.....###


You could see a bullfrog.

Vanquished Creatures
  An acid blob (Lair:5)
  Gastronok (D:8)
  Nessos (Lair:5)
  A fire dragon (Lair:6)
  Josephine (D:10)
  Fannar (Lair:2)
  A catoblepas (Lair:3)
  4 hydras
  A two-headed ogre (D:10)
  Pikel (D:5)
  A lindwurm (Lair:6)
  An orb spider (Lair:4)
  An ugly thing (D:10)
  15 elephants
  Joseph (D:8)
  2 molten gargoyles (Lair:6)
  6 black mambas
  Maurice (D:8)
  13 spiny frogs
  4 rime drakes
  11 komodo dragons
  2 polar bears (Lair:4)
  8 blink frogs
  4 hippogriffs
  21 dream sheep
  6 wraiths (D:10)
  8 wyverns
  25 yaks
  4 hogs (D:7)
  A human (D:7)
  4 basilisks
  A hungry ghost (D:9)
  3 hell hounds (Lair:6)
  Edmund (D:5)
  4 porcupines
  10 water moccasins
  4 ice beasts
  An orc warrior (D:9)
  Duvessa (D:7)
  A phantom (D:5)
  A sky beast (D:8)
  9 ogres
  10 wolves
  7 centaurs
  12 crocodiles
  13 bullfrogs
  Dowan (D:7)
  3 scorpions (D:7)
  6 killer bees (D:8)
  3 wights (D:8)
  A howler monkey (D:10)
  2 bullfrog zombies
  5 lava snakes (Lair:6)
  3 crimson imps
  4 orc priests
  2 centaur zombies
  4 hounds (D:6)
  2 centaur skeletons
  2 bullfrog skeletons
  An iguana (D:8)
  Terence (D:2)
  6 orc wizards
  5 worker ants
  A killer bee zombie (D:6)
  A hound zombie (D:6)
  A howler monkey zombie (D:8)
  3 gnolls (D:8)
  11 adders
  A shadow imp (D:9)
  4 oozes
  3 adder skeletons
  An adder zombie (D:7)
  3 worms
  3 dart slugs
  10 leopard geckos
  35 orcs
  2 giant cockroaches
  8 goblins
  11 hobgoblins
  5 jackals
  3 quokkas
  A ball python (D:3)
  9 bats
  9 frilled lizards
  8 kobolds
  A leopard gecko skeleton (D:6)
  8 rats
  A spectral orc (D:3)
  A fungus (Lair:4)
425 creatures vanquished.

Vanquished Creatures (collateral kills)
  A scorpion (D:5)
  An orc wizard (D:6)
  A worker ant (D:4)
  3 adders
  A worm (D:3)
  2 orcs
9 creatures vanquished.

Vanquished Creatures (others)
  A dream sheep (Lair:6)
  A bush (D:8)
  3 fungi
  11 plants
16 creatures vanquished.

Grand Total: 450 creatures vanquished

Notes
Turn   | Place    | Note
-------+----------+-------------------------------------------
     0 | D:1      | Celandrion the Draconian Transmuter began the quest for the Orb.
     0 | D:1      | Reached XP level 1. HP: 16/16 MP: 3/3
   299 | D:1      | Reached XP level 2. HP: 23/23 MP: 3/5
   661 | D:1      | Reached XP level 3. HP: 25/29 MP: 4/6
   670 | D:1      | Learned a level 2 spell: Sticks to Snakes
  1579 | D:2      | Noticed Terence
  1832 | D:1      | Learned a level 3 spell: Spider Form
  1875 | D:2      | Killed Terence
  1875 | D:2      | Reached skill level 2 in Fighting
  1875 | D:2      | Reached XP level 4. HP: 30/36 MP: 3/7
  3230 | D:3      | Found a shattered altar of Ashenzari.
  3514 | D:3      | Reached XP level 5. HP: 35/41 MP: 7/9
  3596 | D:3      | Found a glowing silver altar of Zin.
  3987 | D:3      | Reached skill level 1 in Poison Magic
  4113 | D:3      | Found a basalt altar of Yredelemnul.
  4473 | D:4      | Found a stormy altar of Qazlal.
  4480 | D:4      | Became a worshipper of Qazlal Stormbringer
  4794 | D:4      | Found a staircase to the Ecumenical Temple.
  5043 | D:4      | Found Luyffuiq's Jewellery Boutique.
  5222 | D:5      | Entered Level 5 of the Dungeon
  5228 | D:5      | Found a sacrificial altar of Ru.
  5239 | D:5      | Reached XP level 6. HP: 30/50 MP: 6/10
  5590 | D:5      | Reached skill level 3 in Fighting
  5660 | D:5      | Noticed a slave
  5699 | D:5      | Noticed an ice beast
  5778 | D:5      | Killed an ice beast
  5778 | D:5      | Your scales start taking on a golden yellow colour.
  5778 | D:5      | Reached XP level 7. HP: 7/57 MP: 3/12
  6113 | D:5      | Noticed Pikel
  6148 | D:5      | Killed Pikel
  6148 | D:5      | Reached skill level 4 in Fighting
  6148 | D:5      | Reached skill level 5 in Unarmed Combat
  6336 | D:5      | Reached XP level 8. HP: 66/66 MP: 9/14
  6377 | D:5      | Noticed Edmund
  6393 | D:5      | Killed Edmund
  6478 | D:5      | Found an ornate altar of the Wu Jian Council.
  7004 | D:6      | Reached * piety under Qazlal
  7040 | D:6      | Reached skill level 5 in Transmutations
  7421 | D:6      | Learned a level 5 spell: Blade Hands
  7459 | D:6      | Reached skill level 5 in Fighting
  7988 | D:6      | Reached skill level 5 in Spellcasting
  7988 | D:6      | Reached XP level 9. HP: 74/74 MP: 13/16
  8015 | D:6      | Reached skill level 5 in Dodging
  8472 | D:6      | Reached skill level 6 in Fighting
  8485 | D:6      | Found an ancient bone altar of Kikubaaqudgha.
  8824 | D:7      | Reached ** piety under Qazlal
  8956 | D:7      | Noticed Duvessa
  8962 | D:7      | Noticed Dowan
  8972 | D:7      | Killed Duvessa
  8979 | D:7      | Killed Dowan
  9239 | D:7      | Found a blossoming altar of Fedhas.
  9398 | D:7      | Found a sparkling altar of Nemelex Xobeh.
  9592 | D:7      | Reached XP level 10. HP: 72/84 MP: 16/19
  9611 | D:7      | Reached skill level 7 in Fighting
 10032 | D:8      | Noticed Gastronok
 10035 | D:8      | Noticed Joseph
 10076 | D:8      | Killed Joseph
 10322 | D:8      | Killed Gastronok
 10384 | D:8      | Found an iron altar of Okawaru.
 10776 | D:8      | Found a staircase to the Lair.
 10888 | D:8      | Found a shimmering altar of Xom.
 10909 | D:8      | Reached skill level 8 in Fighting
 11051 | D:8      | Noticed Maurice
 11071 | D:8      | Killed Maurice
 11599 | D:9      | Reached *** piety under Qazlal
 11728 | D:9      | Reached XP level 11. HP: 92/94 MP: 21/21
 11796 | D:9      | Found a radiant altar of Vehumet.
 12352 | D:10     | Entered Level 10 of the Dungeon
 12354 | D:10     | Noticed Josephine
 12355 | D:10     | Noticed a brown ugly thing
 12408 | Lair:1   | Entered Level 1 of the Lair of Beasts
 14203 | Lair:2   | Reached skill level 9 in Fighting
 15326 | Lair:2   | Reached skill level 1 in Invocations
 15988 | Lair:2   | Noticed Fannar
 16005 | Lair:2   | Killed Fannar
 16005 | Lair:2   | Reached XP level 12. HP: 87/106 MP: 16/24
 17091 | Lair:3   | Reached skill level 10 in Fighting
 17303 | Lair:3   | Noticed an eight-headed hydra
 17311 | Lair:3   | Killed an eight-headed hydra
 17402 | Lair:3   | Reached **** piety under Qazlal
 17402 | Lair:3   | Reached skill level 10 in Unarmed Combat
 17809 | Lair:3   | Got a clouded golden ring
 17811 | Lair:3   | Identified the ring "Faupp" {rPois rF+ MP+9 Str+8 Slay-4} (You found it on level 3 of the Lair of Beasts)
 17975 | Lair:3   | Noticed a catoblepas
 17994 | Lair:3   | Killed a catoblepas
 18964 | Lair:4   | Reached skill level 5 in Invocations
 19276 | Lair:4   | Reached XP level 13. HP: 68/115 MP: 26/26
 19283 | Lair:4   | Reached skill level 11 in Fighting
 19979 | Lair:4   | Found a staircase to the Shoals.
 20034 | Lair:4   | Found a hole to the Spider Nest.
 20420 | Lair:5   | Learned a level 3 spell: Confuse
 20658 | Lair:5   | Identified a scroll of acquirement
 21211 | Lair:6   | Entered Level 6 of the Lair of Beasts
 21211 | Lair:6   | Found a staircase to the Slime Pits.
 21211 | Lair:6   | Noticed Nessos
 21529 | Lair:5   | Reached skill level 1 in Hexes
 22157 | Lair:5   | Killed Nessos
 22557 | Lair:6   | Found a shimmering altar of Xom.
 22911 | Lair:6   | Noticed an acid blob
 23108 | Lair:5   | Killed an acid blob
 23371 | Lair:6   | Reached skill level 10 in Dodging
 23466 | Lair:6   | Reached skill level 10 in Spellcasting
 23841 | Lair:6   | Reached skill level 12 in Fighting
 23904 | Lair:6   | Found a large runed door.
 23905 | Lair:6   | Noticed a fire dragon
 23906 | Lair:6   | Gained mutation: You have acidic saliva. [Yellow Draconian growth]
 23906 | Lair:6   | Reached XP level 14. HP: 126/126 MP: 25/28
 23907 | Lair:6   | Found a large runed door.
 24588 | D:10     | Killed Josephine
 24634 | D:10     | HP: 3/126 [two-headed ogre/giant spiked club (32)]
 24638 | D:10     | HP: 1/126 [two-headed ogre/giant spiked club (18)]
 24650 | D:10     | HP: 2/126 [bullfrog (2)]
 24652 | D:10     | Slain by a bullfrog

Vault maps used:
D:1:      doesnt_arrival_eight_statues
D:2:      first_bread, uniq_terence
D:3:      lemuel_doored_altar, overflow_temple_1_default,
          yredelemnul_forgotten_temple_becter
D:4:      nicolae_overflow_crystal_walls, minmay_temple_entry_from_below_a,
          serial_shops, shop
D:5:      old_standard_altar, kennysheep_mini, uniq_pikel, uniq_edmund
D:6:      marbit_many_paths, grunt_ministairs_13
D:7:      kennysheep_mini_moat, overflow_temple_1_default, minmay_misc_feat_chi,
          grunt_livestock, hangedman_decor_riveting, corexii_checkpoint_a,
          uniq_duvessa
D:8:      lemuel_coloured_pillars_altar, xom_teletrap_fun,
          kb_lookout_dungeons_type, uniq_maurice, uniq_joseph, uniq_gastronok
D:9:      overflow_temple_1_default, hangedman_abyss_or_decor_jellyfish_corner,
          minmay_misc_feat_encased
D:10:     orc_david_3, serial_shops, nicolae_shop_statue_plus,
          serial_bayou_pond_c, hive_lemuel, uniq_josephine, uniq_erica
Lair:2:   uniq_fannar
Lair:4:   shoals_dummy_entry, nicolae_spider_entry_orb_guardian,
          beast_lair_carwin_10, minmay_lair_oklob_chamber, grunt_megastairs_4
Lair:5:   serial_forest, infiniplex_forest_diagonal,
          infiniplex_forest_lined_corner, infiniplex_forest_lined_corner,
          infiniplex_forest_lined_corner, infiniplex_forest_lined_2,
          infiniplex_forest_join, infiniplex_forest_lined_room_2
Lair:6:   cheibrodos_lair_end_hotspot, slime_dummy, lemuel_centaur_altar,
          uniq_nessos

Skill      XL: |  1  2  3  4  5  6  7  8  9 10 11 12 13 |
---------------+----------------------------------------+-----
Dodging        | 2 3 4 5 6 8 9 10 | 10.4
Fighting       | 2 3 4 5 6 8 9 10 12 | 12.1
Transmutations | 3 4 5 6 8 9 |  9.0
Poison Magic   | 1 2 |  2.0
Unarmed Combat | 4 5 6 7 8 9 10 11 | 11.8
Spellcasting   | 3 4 5 6 7 8 9 10 | 10.4
Invocations    | 1 5 6 |  6.7
Hexes          | 3 |  3.3

Action                   |  1- 3 |  4- 6 |  7- 9 | 10-12 | 13-15 || total
-------------------------+-------+-------+-------+-------+-------++-------
Melee: Unarmed           |    90 |   281 |   361 |   716 |   413 ||  1861
       Tailslap          |    10 |    27 |    17 |    11 |    18 ||    83
       Kick              |    10 |       |       |       |       ||    10
       Headbutt          |     2 |    27 |    22 |     2 |     6 ||    59
       Punch             |       |     4 |     6 |     2 |     6 ||    18
       Bite              |       |       |       |       |     2 ||     2
 Cast: Beastly Appendage |    15 |    30 |    21 |     6 |    10 ||    82
       Sticks to Snakes  |     4 |    25 |     9 |     2 |       ||    40
       Spider Form       |     1 |     1 |    19 |    44 |    25 ||    90
       Blade Hands       |       |       |       |     8 |     9 ||    17
Invok: Upheaval          |       |       |       |       |     8 ||     8
       Elemental Force   |       |       |       |       |     1 ||     1
 Abil: End Transformatio |       |       |       |       |     3 ||     3
Evoke: Wand              |       |     1 |     4 |     6 |     5 ||    16
       Lamp of fire      |       |       |       |     1 |       ||     1
  Use: Scroll            |     4 |     8 |     5 |     6 |     6 ||    29
       Potion            |       |       |       |       |     6 ||     6
 Stab: Sleeping          |     1 |       |       |       |       ||     1
       Distracted        |       |     2 |     1 |       |       ||     3
       Paralysed         |       |       |    11 |       |       ||    11
       Invisible         |       |       |       |       |     3 ||     3
  Eat: Chunk             |     3 |    13 |     5 |    16 |     3 ||    40
       Fruit             |     1 |       |     4 |     5 |       ||    10
       Royal jelly       |       |     1 |       |     5 |     1 ||     7
       Bread ration      |       |       |     1 |     1 |     3 ||     5
Armor: Skin              |    33 |    95 |    40 |    46 |    46 ||   260
Dodge: Dodged            |    59 |   193 |   277 |   590 |   419 ||  1538
       Deflected         |       |       |       |       |    13 ||    13
Block: Other             |       |       |    26 |   104 |    88 ||   218
